 Dungeon Crawl Stone Soup version 0.18.1-48-g4cf74bf (webtiles) character file.

14861 nikopol the Cleaver (level 11, -7/151 HPs)
             Began as a Minotaur Berserker on Aug 21, 2016.
             Was a High Priest of Trog.
             Mangled by a komodo dragon (25 damage)
             ... on level 1 of the Lair of Beasts.
             The game lasted 00:36:33 (12313 turns).

nikopol the Cleaver (Minotaur Berserker)           Turns: 12313, Time: 00:36:34

Health: -7/151     AC: 12    Str: 27    XL:     11   Next: 94%
Magic:  10/10      EV: 15    Int:  4    God:    Trog [*****.]
Gold:   720        SH:  5    Dex: 13    Spells: 0 memorised, 10 levels left

rFire  . . .     SeeInvis +     a - +1 war axe (freeze)
rCold  . . .     Gourm    .     O - +0 scale mail
rNeg   . . .     Faith    .     (no shield)
rPois  .         Spirit   .     (helmet restricted)
rElec  .         Dismiss  .     (no cloak)
rCorr  .         Reflect  +     U - +0 pair of gloves
SustAt .         Harm     .     s - +1 pair of boots
MR     +....                    D - +5 amulet of reflection
Stlth  ..........               C - ring of see invisible
                                L - ring of protection from magic

@: berserking, lethally poisoned (-7 -> -11), very quick, somewhat resistant to
hostile enchantments, extremely unstealthy
A: retaliatory headbutt, horns 2
a: Berserk, Trog's Hand, Brothers in Arms, Burn Spellbooks, Renounce Religion


You were on level 1 of the Lair of Beasts.
You worshipped Trog.
Trog was extremely pleased with you.
You were not hungry.

You visited 2 branches of the dungeon, and saw 12 of its levels.

You collected 720 gold pieces.

Inventory:

Hand Weapons
 a - a +1 war axe of freezing (weapon)
 e - a +2 battleaxe
 t - a +2 longbow of freezing
 z - a +4 shortbow of electrocution
Missiles
 o - 218 arrows (quivered)
Armour
 s - a +1 pair of boots (worn)
 O - a +0 scale mail (worn)
 U - a +0 pair of gloves (worn)
 V - the +1 leather armour "Zemewk" {-Tele rN++ Dex+3}
   (You found it on level 7 of the Dungeon)

   It affects your dexterity (+3).
   It greatly protects you from negative energy.
   It prevents most forms of teleportation.
Jewellery
 v - an uncursed ring of protection from cold
 C - a ring of see invisible (right hand)
 D - a +5 amulet of reflection (around neck)
 L - a ring of protection from magic (left hand)
 T - an uncursed ring of flight
Wands
 p - a wand of lightning (7/15)
 r - a wand of flame (22/48)
 P - a wand of teleportation (7/9)
 Y - a wand of digging (17/24)
Scrolls
 b - a scroll of fear
 h - 3 scrolls of identify
 i - 6 scrolls of remove curse
 l - 2 scrolls of recharging
 x - a scroll of noise
 y - 2 scrolls of random uselessness {unknown}
 A - a scroll of magic mapping
 E - 2 scrolls of enchant armour
 F - 2 scrolls of amnesia {unknown}
 W - a scroll of enchant weapon {unknown}
Potions
 d - a potion of resistance {unknown}
 k - 16 potions of curing
 m - 2 potions of cancellation
 n - a potion of berserk rage {unknown}
 q - a potion of heal wounds
 u - 2 potions of invisibility
 I - a potion of cure mutation
 J - 2 potions of flight
 K - a potion of ambrosia
 R - a potion of might
 S - a potion of magic {unknown}
Comestibles
 c - 10 bread rations
 f - 17 fruits
 g - 2 slices of pizza
 B - 5 meat rations


   Skills:
 + Level 10.8 Fighting
 * Level 12.1 Axes
 * Level 8.8 Bows
 + Level 10.4 Armour
 + Level 9.6 Dodging


You had 10 spell levels left.
You didn't know any spells.

Dungeon Overview and Level Annotations

Branches:
Dungeon (11/15)            Temple (0/1) D:5            Lair (1/8) D:11
    Orc (0/2) D:9

Altars:
Ashenzari
Dithmenos
Fedhas
Gozag
Makhleb
Pakellas
Ru
Sif Muna
Vehumet
Xom
Yredelemnul
Zin

Shops:
D:10 [


Innate Abilities, Weirdness & Mutations

You reflexively headbutt those who attack you in melee.
You have a pair of horns on your head.


Message History

You barely miss the giant frog. You slash the spiny frog!
You freeze the spiny frog.
You feel the power of Trog in you as your rage grows.
You kill the spiny frog!
Trog accepts your kill.
You feel sick. The giant frog hits you.
* * * LOW HITPOINT WARNING * * *
You are too injured to fight recklessly!
You slice the giant frog!!
The giant frog seems to slow down.
You freeze the giant frog!
You kill the giant frog!
Trog accepts your kill.
You feel sick.
You see here a spiny frog corpse.
You slice the komodo dragon!!
The komodo dragon seems to slow down.
You freeze the komodo dragon.
You headbutt the komodo dragon, but do no damage.
The komodo dragon is heavily wounded.
You feel sick. The komodo dragon bites you!!
You die...

**,..##,,,**,,,*##.......
**,..(####,,,**#..#.####
**,...⌠.,,,,*##........
**,....,,####.........
#**#.⌠.*##.##.........
#.##..#*#..##.........
#....†###...#.........
#....†................
###..@#.....#.........
#..l###...#......... **** *#...#
#...##......., ***,,** #....#
#..##,...####* *,,,,,** ##...#
#..#**...#*,*, **,,,,,,**
#...#*#..#,*..##**,, *,,,,,,,,**
#..[.,....,,..#**,,,
,,,,,,,,,,***#.........,,..#*,,,,
,,,,,,,,,,,,*,,,,,,,,,,,,,,**,,,,


You could see a komodo dragon.

Vanquished Creatures
  A hydra (Lair:1)
  Erica (D:11)
  The ghost of Joat the Ducker, a journeyman OpWz of Ashenzari (D:11)
  A hill giant (D:11)
  The ghost of Bubs the Shield-Bearer, a novice FoFi (D:4)
  A black mamba (Lair:1)
  A centaur zombie (D:10)
  A spiny frog (Lair:1)
  3 komodo dragons
  A troll (D:9)
  A two-headed ogre (D:8)
  4 blink frogs (Lair:1)
  Sigmund (D:2)
  6 yaks (D:9)
  A wraith (D:11)
  Eustachio (D:5)
  Grum (Lair:1)
  The ghost of Joat the Insei, an amateur DgTm (D:3)
  Edmund (D:6)
  4 water moccasins
  A porcupine (Lair:1)
  Duvessa (D:6)
  4 sky beasts
  An orc warrior (D:10)
  5 ice beasts
  3 phantoms
  A wasp (D:9)
  4 wolves (Lair:1)
  5 centaurs
  6 ogres
  2 crocodiles (Lair:1)
  7 giant frogs
  Blork the orc (D:6)
  A wyvern zombie (D:8)
  Dowan (D:6)
  8 scorpions
  20 killer bees
  A howler monkey (D:7)
  10 wights
  4 crimson imps
  A jelly (D:6)
  3 giant frog zombies
  6 hounds
  A giant frog skeleton (D:5)
  6 orc priests
  A centaur skeleton (D:5)
  5 iguanas
  9 worker ants
  12 orc wizards
  A killer bee zombie (D:7)
  A hound zombie (D:5)
  A hound skeleton (D:6)
  A worker ant zombie (D:5)
  Robin (D:2)
  19 adders
  6 gnolls
  A shadow imp (D:10)
  2 oozes
  3 adder skeletons
  5 worms
  7 giant geckos
  42 orcs
  18 bats
  4 giant cockroaches
  17 goblins
  8 hobgoblins
  11 jackals
  8 kobolds
  8 quokkas
  3 ball pythons
  A ball python skeleton (D:6)
  2 giant cockroach zombies (D:5)
  A giant gecko skeleton (D:4)
  A giant gecko zombie (D:6)
  4 giant newts
  A jackal skeleton (D:5)
  7 rats
  5 fungi
  A plant (D:10)
353 creatures vanquished.

Vanquished Creatures (others)
  3 fungi (D:10)
  13 plants
16 creatures vanquished.

Grand Total: 369 creatures vanquished

Notes
Turn   | Place    | Note
--------------------------------------------------------------
     0 | D:1      | nikopol the Minotaur Berserker began the quest for the Orb.
     0 | D:1      | Reached XP level 1. HP: 19/19 MP: 0/0
   124 | D:1      | Reached XP level 2. HP: 20/27 MP: 1/1
   962 | D:1      | Reached XP level 3. HP: 32/33 MP: 2/2
  1220 | D:2      | Reached ** piety under Trog
  1262 | D:2      | Noticed Robin
  1276 | D:2      | Killed Robin
  1276 | D:2      | Reached skill level 4 in Axes
  1277 | D:2      | Reached XP level 4. HP: 40/41 MP: 3/3
  1312 | D:2      | Found a shadowy altar of Dithmenos.
  1317 | D:2      | Found an opulent altar of Gozag.
  1462 | D:2      | Found a burning altar of Makhleb.
  1482 | D:2      | Noticed Sigmund
  1487 | D:2      | Killed Sigmund
  1487 | D:2      | Reached skill level 5 in Fighting
  1487 | D:2      | Reached XP level 5. HP: 48/48 MP: 4/4
  1917 | D:2      | Found a radiant altar of Vehumet.
  1923 | D:2      | Found a basalt altar of Yredelemnul.
  2039 | D:3      | Reached XP level 6. HP: 42/56 MP: 5/5
  2046 | D:3      | Found a shimmering altar of Xom.
  2074 | D:3      | Noticed Joat's ghost (amateur DgTm)
  2129 | D:3      | Killed Joat's ghost
  2129 | D:3      | Reached skill level 5 in Axes
  2338 | D:3      | Reached skill level 5 in Armour
  2339 | D:3      | Reached *** piety under Trog
  2450 | D:3      | Reached XP level 7. HP: 62/62 MP: 6/6
  2523 | D:3      | Found an oddly glowing altar of Pakellas.
  2958 | D:4      | Reached skill level 5 in Dodging
  3044 | D:4      | Noticed Bubs's ghost (novice FoFi)
  3055 | D:4      | Killed Bubs's ghost
  3055 | D:4      | Reached skill level 6 in Axes
  3055 | D:4      | Reached XP level 8. HP: 71/71 MP: 7/7
  3229 | D:4      | Found a sacrificial altar of Ru.
  3642 | D:4      | Reached skill level 7 in Axes
  3829 | D:5      | Entered Level 5 of the Dungeon
  3834 | D:5      | Reached **** piety under Trog
  4034 | D:5      | Noticed Eustachio
  4047 | D:5      | Killed Eustachio
  4109 | D:5      | Found an opulent altar of Gozag.
  4500 | D:5      | Reached XP level 9. HP: 39/81 MP: 8/8
  4525 | D:5      | Reached skill level 8 in Axes
  4929 | D:5      | Found a staircase to the Ecumenical Temple.
  5390 | D:6      | Reached skill level 1 in Bows
  5508 | D:6      | Reached ***** piety under Trog
  5607 | D:6      | Noticed Edmund
  5627 | D:6      | Killed Edmund
  5749 | D:6      | Noticed Dowan
  5750 | D:6      | Noticed Blork the orc
  5756 | D:6      | Noticed Duvessa
  5761 | D:6      | Killed Dowan
  5766 | D:6      | Killed Blork the orc
  5766 | D:6      | Killed Duvessa
  5766 | D:6      | Reached skill level 9 in Axes
  6272 | D:6      | Found a blossoming altar of Fedhas.
  6343 | D:6      | Received a gift from Trog
  6612 | D:7      | Reached XP level 10. HP: 75/91 MP: 9/9
  6743 | D:7      | Found a deep blue altar of Sif Muna.
  7051 | D:7      | Got a brightly glowing leather armour
  7062 | D:7      | Identified the +1 leather armour "Zemewk" {-Tele rN++ Dex+3} (You found it on level 7 of the Dungeon)
  7313 | D:8      | Found a blossoming altar of Fedhas.
  7732 | D:8      | Found a glowing silver altar of Zin.
  8130 | D:9      | Reached skill level 10 in Axes
  8136 | D:9      | Reached skill level 5 in Bows
  8657 | D:9      | Received a gift from Trog
  9017 | D:9      | Found a staircase to the Orcish Mines.
  9031 | D:10     | Entered Level 10 of the Dungeon
  9038 | D:10     | Found Hycuiwn's Antique Armour Emporium.
  9382 | D:10     | Reached skill level 10 in Fighting
  9382 | D:10     | Reached XP level 11. HP: 77/99 MP: 10/10
  9401 | D:10     | Received a gift from Trog
 10220 | D:10     | Reached skill level 11 in Axes
 10588 | D:11     | Noticed Joat's ghost (journeyman OpWz)
 10603 | D:11     | Killed Joat's ghost
 11022 | D:11     | Found a staircase to the Lair.
 11139 | D:11     | Noticed a hill giant
 11149 | D:11     | Killed a hill giant
 11149 | D:11     | Reached skill level 10 in Armour
 11350 | D:11     | Noticed Erica
 11361 | D:11     | Killed Erica
 11628 | Lair:1   | Entered Level 1 of the Lair of Beasts
 11629 | Lair:1   | Found a shattered altar of Ashenzari.
 11749 | Lair:1   | Noticed Grum
 11772 | Lair:1   | Killed Grum
 12295 | Lair:1   | Noticed a five-headed hydra
 12309 | Lair:1   | Reached skill level 12 in Axes
 12310 | Lair:1   | Killed a nine-headed hydra
 12313 | Lair:1   | Mangled by a komodo dragon

Skill      XL: |  1  2  3  4  5  6  7  8  9 10 11 |
---------------+----------------------------------+-----
Fighting       | 4 5 6 8 9 10 | 10.8
Armour         | 3 4 5 6 7 8 9 10 | 10.4
Axes           | 4 5 6 7 9 10 12 | 12.1
Dodging        | 3 4 5 6 7 8 9 |  9.6
Bows           | 3 6 8 |  8.8

Action                   |  1- 3 |  4- 6 |  7- 9 | 10-12 || total
-------------------------+-------+-------+-------+-------++-------
Melee: Hand axe          |    75 |    94 |    85 |       ||   254
       Headbutt          |     9 |    10 |    61 |    75 ||   155
       War axe           |       |       |   226 |   321 ||   547
 Fire: Shortbow          |       |       |    58 |   281 ||   339
Invok: Berserk           |     2 |     3 |     4 |     6 ||    15
       Trog's Hand       |       |     2 |       |       ||     2
  Use: Scroll            |       |       |     9 |    14 ||    23
  Eat: Chunk             |     2 |     8 |    16 |    22 ||    48
       Beef jerky        |       |       |     1 |     1 ||     2
Armor: Animal skin       |     8 |       |       |       ||     8
       Ring mail         |    27 |    27 |    59 |       ||   113
       Scale mail        |       |       |     8 |   106 ||   114
Dodge: Dodged            |    64 |    59 |   193 |   206 ||   522
Block: Other             |       |       |    44 |    77 ||   121
       Reflection        |       |       |     1 |     2 ||     3
